 Dungeon Crawl Stone Soup version 0.25-a0-365-g7600c65 (webtiles) character file.

Game seed: 14832610141305932387, levelgen mode: deterministic

735 Blightor the Ruffian (level 7, -2/61 HPs)
             Began as a Minotaur Monk on Jan 5, 2020.
             Slain by a gnoll
             ... wielding a +6 halberd of venom
              (3 damage)
             ... on level 3 of the Dungeon.
             The game lasted 00:13:47 (2457 turns).

Blightor the Ruffian (Minotaur Monk)                Turns: 2457, Time: 00:13:48

Health: -2/61      AC:  5    Str: 18    XL:     7   Next: 45%
Magic:  6/6        EV: 13    Int:  9    God:
Gold:   138        SH:  0    Dex: 12    Spells: 6/6 levels left

rFire    . . .     SeeInvis .     - Unarmed
rCold    . . .     Gourm    .   (no shield)
rNeg     . . .     Faith    .   e - +0 ring mail
rPois    .         Spirit   .   (helmet restricted)
rElec    .         Reflect  .   (no cloak)
rCorr    +         Harm     .   (no gloves)
MR       .....                  (no boots)
Stlth    +.........             (no amulet)
HPRegen  0.20/turn              g - ring of resist corrosion
MPRegen  0.10/turn              o - +2 ring of intelligence

@: lethally poisoned (-2 -> -9)
A: retaliatory headbutt, horns 2
a: no special abilities


You were on level 3 of the Dungeon.
You were hungry.

You visited 1 branch of the dungeon, and saw 3 of its levels.

You collected 138 gold pieces.

Inventory:

Hand Weapons
 i - a +1 hunting sling
 l - a +1 mace of crushing
 u - a +0 halberd of electrocution
Armour
 a - a +0 robe
 d - a +0 scale mail
 e - a +0 ring mail (worn)
Jewellery
 g - a ring of resist corrosion (left hand)
 o - a +2 ring of intelligence (right hand)
Wands
 m - a wand of random effects (5)
 r - a wand of scattershot (4)
 v - a wand of polymorph (4)
Scrolls
 c - 2 scrolls of teleportation {unknown}
 f - 2 scrolls of remove curse
 h - a scroll of enchant weapon
 j - 2 scrolls of blinking {unknown}
 p - a scroll of fear {unknown}
 q - 2 scrolls of identify {unknown}
 t - a scroll of magic mapping {unknown}
Potions
 n - a potion of lignification
Comestibles
 b - a ration


   Skills:
 + Level 5.0 Fighting
 + Level 0.3 Maces & Flails
 + Level 4.2 Armour
 + Level 5.2 Dodging
 + Level 2.4 Stealth
 + Level 6.5 Unarmed Combat


You had 6 spell levels left.
You didn't know any spells.
Your spell library was empty.

Dungeon Overview and Level Annotations

Branches:
Dungeon (3/15)

Altars:

Annotations:
D:3 1 transporter


Innate Abilities, Weirdness & Mutations

You reflexively headbutt those who attack you in melee.
You have a pair of horns on your head.


Message History

There is a transporter landing site here.
You can't go down here!
The gnoll closely misses you.
The gnoll hits you from afar with a +6 halberd of venom.
* * * LOW HITPOINT WARNING * * *
You are lethally poisoned!
* * * LOW HITPOINT WARNING * * *
You feel sick.
You hit the plant. You punch the plant, but do no damage.
The plant is lightly damaged.
* * * LOW HITPOINT WARNING * * *
You feel sick.
* * * LOW HITPOINT WARNING * * *
You feel sick.
* * * LOW HITPOINT WARNING * * *
You feel sick. The gnoll closely misses you.
* * * LOW HITPOINT WARNING * * *
You feel sick. The gnoll barely misses you.
The gnoll hits you with a +6 halberd of venom.
You die...

#..≈≈####.....####≈ .....##.
#..≈≈#..#8###8#..#≈≈.....##.
#..≈≈#8.###.###.8#≈≈.....##.
#..≈≈#...........#≈≈.....##.
##.≈≈###.##+##.###≈≈.....##.
#.≈≈..#.#P.P#.#..≈≈........
#.≈≈.##.+...'.##.≈≈.#......
#.≈≈.#..#P.P#..#.≈≈........
#!≈≈.##.##@##.##.≈≈........
#.≈≈..#.#PgP#)#............
#.≈≈.©#.+.g.).#©.......#...
#.≈≈..#.#8⌠8#.#........#...
#.≈≈.##.#####.##.≈≈....#...
..≈≈.#©.#=:$#..#.≈≈....#...
..≈≈.##.#...#.##.≈≈....#...
..≈≈..#(#$$$#.#..≈≈.#######
..≈≈###.##'##.###≈≈.#


You could see 2 gnolls.

Vanquished Creatures
  The ghost of MrTaco21 the Cudgeler, an amateur GrFi (D:3)
  Sigmund (D:2)
  An orc priest (D:3)
  3 orc wizards (D:3)
  Natasha (twice) (D:2)
  Robin (D:2)
  7 adders
  6 gnolls
  An ooze (D:2)
  A worm (D:2)
  A dart slug (D:2)
  2 leopard geckos
  9 orcs (D:3)
  A ball python (D:2)
  2 giant cockroaches (D:3)
  19 goblins
  10 hobgoblins
  9 jackals
  A quokka (D:2)
  6 bats
  6 frilled lizards
  9 kobolds
  3 rats
102 creatures vanquished.

Notes
Turn   | Place    | Note
-------+----------+-------------------------------------------
     0 | D:1      | Blightor the Minotaur Monk began the quest for the Orb.
     0 | D:1      | Reached XP level 1. HP: 19/19 MP: 0/0
    92 | D:1      | Reached XP level 2. HP: 26/27 MP: 1/1
   338 | D:1      | Reached XP level 3. HP: 33/33 MP: 2/2
   348 | D:1      | Reached skill level 4 in Unarmed Combat
   517 | D:2      | Reached skill level 1 in Armour
   660 | D:2      | Reached XP level 4. HP: 37/41 MP: 3/3
   673 | D:2      | Noticed Sigmund
   683 | D:2      | Killed Sigmund
   683 | D:2      | Reached XP level 5. HP: 23/47 MP: 4/4
   857 | D:2      | Noticed Robin
   866 | D:2      | Reached skill level 5 in Unarmed Combat
   879 | D:2      | Killed Robin
   944 | D:2      | Noticed Natasha
   961 | D:2      | Killed Natasha
   961 | D:2      | Reached XP level 6. HP: 43/53 MP: 5/5
  1258 | D:2      | Noticed Natasha
  1265 | D:2      | Killed Natasha
  1953 | D:3      | Reached skill level 5 in Dodging
  1960 | D:3      | Reached skill level 6 in Unarmed Combat
  1960 | D:3      | Reached XP level 7. HP: 54/60 MP: 6/6
  2168 | D:3      | Found a transporter.
  2208 | D:3      | Found a transporter.
  2208 | D:3      | Noticed MrTaco21's ghost (amateur GrFi)
  2390 | D:3      | Killed MrTaco21's ghost
  2390 | D:3      | Reached skill level 5 in Fighting
  2455 | D:3      | HP: 3/61 [poisoned by a gnoll]
  2457 | D:3      | HP: 1/61 [poisoned by a gnoll]
  2457 | D:3      | Slain by a gnoll

Levels and vault maps discovered:
D:1:      minmay_arrival_five_plusses, layout_rooms
D:2:      minmay_diamond_boxcup, layout_basic, uniq_natasha, uniq_robin,
          uniq_sigmund
D:3:      layout_basic, gammafunk_ghost_gnarly_gnolls, amethyst_killhole

Skill      XL: |  1  2  3  4  5  6  7 |
---------------+----------------------+-----
Fighting       | 4 5 |  5.0
Unarmed Combat | 4 5 6 |  6.5
Armour         | 1 2 3 4 |  4.2
Dodging        | 4 5 |  5.2
Stealth        | 2 |  2.4
Maces & Flails | |  0.3

Action                   |  1- 3 |  4- 6 |  7- 9 || total
-------------------------+-------+-------+-------++-------
Melee: Unarmed           |    66 |   131 |    32 ||   229
       Headbutt          |    13 |    32 |     4 ||    49
       Mace              |    12 |       |       ||    12
       Punch             |       |       |     2 ||     2
  Use: Scroll            |       |     2 |       ||     2
       Potion            |       |       |     3 ||     3
 Stab: Sleeping          |     2 |       |       ||     2
  Eat: Ration            |       |     1 |       ||     1
       Chunk             |       |       |     1 ||     1
Armor: Ring mail         |    28 |    36 |     5 ||    69
       Scale mail        |     1 |       |       ||     1
       Skin              |       |       |    19 ||    19
Dodge: Dodged            |    61 |   106 |    29 ||   196

Table legend:
 A = Non-vault XP
 B = Vault XP
 C = Vault XP percentage of total XP
 D = Non-vault monster count
 E = Vault monster count
 F = Vault count percentage of total count
                 A         B        C        D         E       F
            +---------+---------+-------+---------+---------+-------
      Total |     419 |     631 |  60.1 |      75 |      27 |  26.5
            +---------+---------+-------+---------+---------+-------
        D:1 |      52 |       0 |   0.0 |      24 |       0 |   0.0
        D:2 |     105 |     323 |  75.5 |      21 |      21 |  50.0
        D:3 |     262 |     308 |  54.0 |      30 |       6 |  16.7
            +---------+---------+-------+---------+---------+-------
